Wild vs Stars

Created - September-23-13 at 19:25

Simulating a Pre-Season

Goals
1 2 3 T
Wild 1 1 1 3
Stars 0 1 1 2
Shots
1 2 3 T
Wild 9 8 6 23
Stars 7 7 12 26

1st period

1. Wild , Clayton Stoner 1 (Ryan Whitney, Alexei Ponikarovsky) at 4:42

Penalties :
Marc Staal (DAL) for Holding (Minor) at 0:05, Marc Staal (DAL) for Hooking (Minor) at 7:33, Alexei Ponikarovsky (MIN) for Slashing (Minor) at 13:43, Erik Cole (MIN) for Roughing (Minor) at 19:53

2nd period

2. Wild , Patrik Berglund 4 (Milan Michalek, Clayton Stoner) at 12:54 (PP)
3. Stars , Derick Brassard 5 (Jay Bouwmeester, Jarome Iginla) at 19:40

Penalties :
Jarome Iginla (DAL) for Holding (Minor) at 0:15, Marc Staal (DAL) for Slashing (Minor) at 0:46, Marc Staal (DAL) for Goalie Interference (Minor) at 4:06, Brent Burns (MIN) for Hooking (Minor) at 5:18, Zach Bogosian (DAL) for Kneeing (Major) at 9:10

3rd period

4. Stars , Jay Bouwmeester 1 (Jarome Iginla, Marc Staal) at 12:20 (PP)
5. Wild , Milan Michalek 4 (Andrei Markov, Patrik Berglund) at 19:13 (PP)

Penalties :
Erik Cole (MIN) for Interference (Minor) at 5:09, Alexei Ponikarovsky (MIN) for Hooking (Minor) at 11:15, Erik Cole (MIN) for Roughing (Minor) at 14:41, Derick Brassard (DAL) for Tripping (Minor) at 18:47

Goalie Stats

Niklas Backstrom (MIN), 24 saves from 26 shots - (0.923), W, 4-6-0, 60:00 minutes
Anders Lindback (DAL), 20 saves from 23 shots - (0.870), L, 0-1-0, 60:00 minutes

Players Stats for Wild

Player Name              G  A  P  +/- PIM S  H  SB GA TA FO     MP     PP MP  PK MP  
------------------------------------------------------------------------------------
Alexei Ponikarovsky      0  1  1   1  4   0  0  0  0  0  0/1    12:52   0:41   2:37 
Andrei Markov            0  1  1   0  0   2  0  0  0  0  0/0    19:22   5:58   0:00 
Andrew Ebbett            0  0  0   0  0   0  0  0  0  0  6/9     6:17   0:41   5:12 
Andy McDonald            0  0  0   0  0   1  0  0  0  0  14/25  22:08   5:49   0:47 
Anton Babchuk            0  0  0   0  0   0  0  0  0  0  0/0     2:21   1:07   0:28 
Blake Comeau             0  0  0   1  0   1  0  0  0  0  6/12   14:12   0:41   3:55 
Bobby Ryan               0  0  0   0  0   6  1  1  0  0  1/1    21:21   5:49   0:00 
Brent Burns              0  0  0  -1  2   0  1  0  0  0  1/2    17:38   4:57   0:00 
Clayton Stoner           1  1  2   1  0   2  5  1  0  0  0/0    17:31   0:26   4:12 
Erik Cole                0  0  0   0  6   5  3  0  0  0  2/4    21:46   5:49   0:00 
Fedor Tyutin             0  0  0  -1  0   1  0  3  0  0  0/0    25:26   5:32   4:12 
Jay Pandolfo             0  0  0   0  0   0  0  0  0  0  4/8     4:41   0:00   4:41 
John-Michael Liles       0  0  0  -1  0   0  2  1  0  0  0/0    18:08   4:23   0:00 
Michael Stone            0  0  0   0  0   0  4  0  0  0  0/0    17:02   0:00   4:24 
Milan Hejduk             0  0  0   1  0   0  0  0  0  0  0/0     9:36   0:00   0:00 
Milan Michalek           1  1  2  -1  0   1  0  0  0  0  0/0    18:37   4:58   0:00 
Patrik Berglund          1  1  2  -1  0   3  0  0  0  0  7/20   19:46   4:58   0:00 
Ryan Whitney             0  1  1   1  0   1  0  0  0  0  0/0    20:10   5:30   3:56 

Players Stats for Stars

Player Name              G  A  P  +/- PIM S  H  SB GA TA FO     MP     PP MP  PK MP  
------------------------------------------------------------------------------------
Alex Chiasson            0  0  0   0  0   0  0  0  0  0  0/0     4:21   0:00   0:00 
Alex Galchenyuk          0  0  0  -1  0   0  0  0  0  0  0/0    12:14   1:15   1:17 
Andy Greene              0  0  0   0  0   1  1  2  0  0  0/0    19:46   0:00   6:38 
Colin Wilson             0  0  0   1  0   3  0  0  0  0  0/0    15:11   4:19   0:00 
David Moss               0  0  0   0  0   0  1  0  0  0  1/6    10:39   0:00   6:18 
Derick Brassard          1  0  1   1  2   2  4  0  0  0  12/20  16:19   3:02   0:22 
Devin Setoguchi          0  0  0  -1  0   2  1  0  0  0  0/0     9:42   0:00   0:00 
Jarome Iginla            0  2  2   1  2   1  0  0  0  0  1/1    15:56   4:18   0:00 
Jason Pominville         0  0  0   0  0   4  2  0  0  0  1/1    21:43   4:17   3:31 
Jay Bouwmeester          1  1  2   1  0   3  1  3  0  0  0/0    25:59   3:56   5:56 
Marc Staal               0  1  1   1  8   2  3  1  0  0  0/0    21:37   3:56   2:26 
Marcel Goc               0  0  0  -1  0   2  1  1  0  0  13/25  17:21   0:00   7:39 
Nick Foligno             0  0  0   0  0   0  2  0  0  0  0/0     4:21   0:00   0:00 
Paul Stastny             0  0  0   0  0   2  1  1  0  0  6/20   20:41   4:17   4:33 
Roman Josi               0  0  0  -1  0   0  1  0  0  0  0/0    16:04   0:00   5:56 
Sergei Gonchar           0  0  0  -1  0   2  2  1  0  0  0/0    15:10   4:40   0:22 
Tyler Ennis              0  0  0   0  0   1  1  0  0  0  7/9    16:10   4:19   0:00 
Zach Bogosian            0  0  0   0  5   1  4  0  0  0  0/0    21:19   4:40   3:50 

3 Stars

1 - Clayton Stoner (MIN)
2 - Jay Bouwmeester (DAL)
3 - Derick Brassard (DAL)

Power Play

Wild - 2 on 7 Attempt(s) - 28.57%
Stars - 1 on 6 Attempt(s) - 16.67%

Penalty Kill

Wild - 5 on 6 Attempt(s) - 83.33% - Score 0 goal in Penalty Kill
Stars - 5 on 7 Attempt(s) - 71.43% - Score 0 goal in Penalty Kill

Official

Referees : Kevin Pollock and Paul Devorski
Linesman : Brad Lazarowich and David Brisebois

Game Notes

No Game Note

% Time on Ice - Wild

Lines # - Real PCT - Wanted PCT - Time Play
Normal Forward
1 - 30% - 35% - 11:10
2 - 39% - 35% - 14:17
3 - 26% - 15% - 9:36
4 - 5% - 15% - 1:43
Normal Defense
1 - 37% - 35% - 13:45
2 - 31% - 35% - 11:29
3 - 29% - 15% - 10:44
4 - 2% - 15% - 0:48
PP Forward
1 - 43% - 50% - 4:58
2 - 57% - 50% - 6:30
PP Defense
1 - 56% - 50% - 6:24
2 - 44% - 50% - 5:04
PK Forward
1 - 46% - 50% - 3:55
2 - 54% - 50% - 4:41
PK Defense
1 - 49% - 50% - 4:12
2 - 51% - 50% - 4:24
PK3 Forward
1 - 0% - 50%
2 - 0% - 50%
PK3 Defense
1 - 0% - 50%
2 - 0% - 50%
44 Forward
1 - 48% - 50% - 1:09
2 - 52% - 50% - 1:15
44 Defense
1 - 48% - 50% - 1:09
2 - 52% - 50% - 1:15
Last Minute Offensive  - 0:00
Last Minute Defensive  - 0:46
Total
Forward - 60:00
Defense - 60:00

% Time on Ice - Stars

Lines # - Real PCT - Wanted PCT - Time Play
Normal Forward
1 - 32% - 32% - 11:51
2 - 30% - 30% - 10:52
3 - 26% - 25% - 9:42
4 - 12% - 13% - 4:21
Normal Defense
1 - 36% - 33% - 13:14
2 - 34% - 32% - 12:35
3 - 28% - 25% - 10:08
4 - 2% - 10% - 0:49
PP Forward
1 - 50% - 55% - 4:19
2 - 50% - 45% - 4:17
PP Defense
1 - 54% - 65% - 4:40
2 - 46% - 35% - 3:56
PK Forward
1 - 68% - 60% - 7:35
2 - 32% - 40% - 3:31
PK Defense
1 - 52% - 60% - 5:44
2 - 48% - 40% - 5:22
PK3 Forward
1 - 82% - 60% - 1:12
2 - 18% - 40% - 0:16
PK3 Defense
1 - 61% - 60% - 0:54
2 - 39% - 40% - 0:34
44 Forward
1 - 100% - 60% - 1:18
2 - 0% - 40% - 0:00
44 Defense
1 - 100% - 60% - 1:18
2 - 0% - 40% - 0:00
Last Minute Offensive  - 0:46
Last Minute Defensive  - 0:00
Total
Forward - 60:00
Defense - 60:00

Play by Play

1st period


0:01 of 1st period - Brent Burns wins face-off versus Paul Stastny in neutral zone.
0:05 of 1st period - Minor Penalty to Marc Staal for Holding.
0:06 of 1st period - Marcel Goc wins face-off versus Patrik Berglund in Stars zone.
1:12 of 1st period - Shot by John-Michael Liles.
1:12 of 1st period - Deflect By Andy McDonald.
1:12 of 1st period - Shot Misses the Net.
1:29 of 1st period - Shot by Ryan Whitney.
1:29 of 1st period - Stopped by Anders Lindback without a rebound.
1:30 of 1st period - Andy McDonald wins face-off versus Marcel Goc in Stars zone.
1:51 of 1st period - Shot by Fedor Tyutin.
1:51 of 1st period - Stopped by Anders Lindback with a rebound.
1:53 of 1st period - Shot by Bobby Ryan.
1:53 of 1st period - Stopped by Anders Lindback with a rebound.
1:55 of 1st period - Shot by Andy McDonald.
1:55 of 1st period - Shot Blocked by Andy Greene.
1:57 of 1st period - Shot by Erik Cole.
1:57 of 1st period - Stopped by Anders Lindback without a rebound.
1:58 of 1st period - Marcel Goc wins face-off versus Patrik Berglund in Stars zone.
2:33 of 1st period - Shot by Blake Comeau.
2:33 of 1st period - Shot Blocked by Marc Staal.
2:35 of 1st period - Shot by Alexei Ponikarovsky.
2:35 of 1st period - Shot Misses the Net.
2:58 of 1st period - Icing by Jarome Iginla.
2:59 of 1st period - Derick Brassard wins face-off versus Brent Burns in Stars zone.
3:03 of 1st period - Icing by Derick Brassard.
3:04 of 1st period - Derick Brassard wins face-off versus Andy McDonald in Stars zone.
3:04 of 1st period - Derick Brassard is hit by Erik Cole.
3:20 of 1st period - Shot by Erik Cole.
3:20 of 1st period - Stopped by Anders Lindback without a rebound.
3:21 of 1st period - Patrik Berglund wins face-off versus Paul Stastny in Stars zone.
4:36 of 1st period - Icing by Roman Josi.
4:37 of 1st period - Blake Comeau wins face-off versus Marcel Goc in Stars zone.
4:38 of 1st period - Shot by Alexei Ponikarovsky.
4:38 of 1st period - Shot Misses the Net.
4:40 of 1st period - Shot by Ryan Whitney.
4:40 of 1st period - Shot Misses the Net.
4:42 of 1st period - Shot by Clayton Stoner.
4:42 of 1st period - Goal by Clayton Stoner - Wild : 1 - Stars : 0.
4:43 of 1st period - Marcel Goc wins face-off versus Andy McDonald in neutral zone.
4:43 of 1st period - Sergei Gonchar is hit by Erik Cole and loses puck.
4:59 of 1st period - Shot by Andy McDonald.
4:59 of 1st period - Shot Misses the Net.
5:01 of 1st period - Shot by Erik Cole.
5:01 of 1st period - Shot Misses the Net.
5:03 of 1st period - Shot by Bobby Ryan.
5:03 of 1st period - Shot Misses the Net.
5:05 of 1st period - Shot by Andy McDonald.
5:05 of 1st period - Stopped by Anders Lindback without a rebound.
5:06 of 1st period - Blake Comeau wins face-off versus David Moss in Stars zone.
5:06 of 1st period - Blake Comeau is hit by Marc Staal.
6:11 of 1st period - Bobby Ryan is hit by Roman Josi and loses puck.
6:40 of 1st period - Shot by Bobby Ryan.
6:40 of 1st period - Shot Misses the Net.
6:42 of 1st period - Shot by Erik Cole.
6:42 of 1st period - Stopped by Anders Lindback without a rebound.
6:43 of 1st period - Tyler Ennis wins face-off versus Patrik Berglund in Stars zone.
6:47 of 1st period - Andy Greene is hit by John-Michael Liles and loses puck.
6:52 of 1st period - Shot by Jason Pominville.
6:52 of 1st period - Shot Blocked by John-Michael Liles.
7:12 of 1st period - Shot by Jason Pominville.
7:12 of 1st period - Stopped by Niklas Backstrom without a rebound.
7:13 of 1st period - Erik Cole wins face-off versus Derick Brassard in Wild zone.
7:33 of 1st period - Minor Penalty to Marc Staal for Hooking.
7:34 of 1st period - Patrik Berglund wins face-off versus Marcel Goc in Stars zone.
8:00 of 1st period - Shot by John-Michael Liles.
8:00 of 1st period - Shot Misses the Net.
8:42 of 1st period - Icing by Fedor Tyutin.
8:43 of 1st period - Andy McDonald wins face-off versus Marcel Goc in Wild zone.
8:52 of 1st period - Shot by Bobby Ryan.
8:52 of 1st period - Stopped by Anders Lindback without a rebound.
8:53 of 1st period - Andy McDonald wins face-off versus Marcel Goc in Stars zone.
9:00 of 1st period - Shot by Andrei Markov.
9:00 of 1st period - Shot Misses the Net.
9:18 of 1st period - David Moss is hit by Bobby Ryan and loses puck.
9:41 of 1st period - Shot by Colin Wilson.
9:41 of 1st period - Stopped by Niklas Backstrom without a rebound.
9:42 of 1st period - Derick Brassard wins face-off versus Patrik Berglund in Wild zone.
10:53 of 1st period - Ryan Whitney is hit by Jason Pominville and loses puck.
11:41 of 1st period - Icing by Jay Bouwmeester.
11:42 of 1st period - Bobby Ryan wins face-off versus Marcel Goc in Stars zone.
12:10 of 1st period - Shot by Bobby Ryan.
12:10 of 1st period - Shot Misses the Net.
12:23 of 1st period - Icing by John-Michael Liles.
12:24 of 1st period - Derick Brassard wins face-off versus Erik Cole in Wild zone.
12:51 of 1st period - Shot by Jarome Iginla.
12:51 of 1st period - Shot Blocked by Fedor Tyutin.
13:15 of 1st period - Sergei Gonchar is hit by Erik Cole and loses puck.
13:40 of 1st period - Shot by Andrei Markov.
13:40 of 1st period - Shot Misses the Net.
13:43 of 1st period - Minor Penalty to Alexei Ponikarovsky for Slashing.
13:44 of 1st period - Paul Stastny wins face-off versus Jay Pandolfo in Wild zone.
14:09 of 1st period - Shot by Jay Bouwmeester.
14:09 of 1st period - Shot Misses the Net.
14:11 of 1st period - Shot by Paul Stastny.
14:11 of 1st period - Stopped by Niklas Backstrom without a rebound.
14:12 of 1st period - Andrew Ebbett wins face-off versus Tyler Ennis in Wild zone.
14:41 of 1st period - Shot by Zach Bogosian.
14:41 of 1st period - Shot Blocked by Clayton Stoner.
15:05 of 1st period - Shot by Jay Bouwmeester.
15:05 of 1st period - Stopped by Niklas Backstrom with a rebound.
15:07 of 1st period - Shot by Marc Staal.
15:07 of 1st period - Shot Misses the Net.
15:09 of 1st period - Shot by Marc Staal.
15:09 of 1st period - Stopped by Niklas Backstrom without a rebound.
15:10 of 1st period - Jason Pominville wins face-off versus Andy McDonald in Wild zone.
15:32 of 1st period - Derick Brassard is hit by Michael Stone and loses puck.
16:10 of 1st period - Milan Michalek is hit by Nick Foligno and loses puck.
16:20 of 1st period - Off-side.
16:21 of 1st period - Blake Comeau wins face-off versus Marcel Goc in neutral zone.
16:23 of 1st period - Fedor Tyutin is hit by Sergei Gonchar and loses puck.
16:43 of 1st period - Off-side.
16:44 of 1st period - Paul Stastny wins face-off versus Andy McDonald in neutral zone.
16:57 of 1st period - Shot by Paul Stastny.
16:57 of 1st period - Shot Blocked by Bobby Ryan.
16:59 of 1st period - Shot by Jay Bouwmeester.
16:59 of 1st period - Stopped by Niklas Backstrom without a rebound.
17:00 of 1st period - Marcel Goc wins face-off versus Patrik Berglund in Wild zone.
17:15 of 1st period - Off-side.
17:16 of 1st period - Andy McDonald wins face-off versus Paul Stastny in neutral zone.
18:22 of 1st period - Icing by Milan Michalek.
18:23 of 1st period - Marcel Goc wins face-off versus Patrik Berglund in Wild zone.
18:39 of 1st period - Milan Michalek is hit by Zach Bogosian.
19:01 of 1st period - Shot by Alex Galchenyuk.
19:01 of 1st period - Deflect By Devin Setoguchi.
19:01 of 1st period - Shot Misses the Net.
19:03 of 1st period - Shot by Andy Greene.
19:03 of 1st period - Stopped by Niklas Backstrom without a rebound.
19:04 of 1st period - Derick Brassard wins face-off versus Blake Comeau in Wild zone.
19:21 of 1st period - Shot by Alexei Ponikarovsky.
19:21 of 1st period - Shot Misses the Net.
19:41 of 1st period - Shot by Milan Hejduk.
19:41 of 1st period - Shot Misses the Net.
19:44 of 1st period - Icing by Roman Josi.
19:45 of 1st period - Andy McDonald wins face-off versus Derick Brassard in Stars zone.
19:53 of 1st period - Minor Penalty to Erik Cole for Roughing.
19:54 of 1st period - Andrew Ebbett wins face-off versus Paul Stastny in Wild zone.

2nd period


0:01 of 2nd period - Tyler Ennis wins face-off versus Andrew Ebbett in neutral zone.
0:15 of 2nd period - Minor Penalty to Jarome Iginla for Holding.
0:16 of 2nd period - Derick Brassard wins face-off versus Patrik Berglund in Stars zone.
0:16 of 2nd period - Derick Brassard is hit by Brent Burns.
0:32 of 2nd period - Shot by Jason Pominville.
0:32 of 2nd period - Shot Misses the Net.
0:46 of 2nd period - Minor Penalty to Marc Staal for Slashing.
0:47 of 2nd period - Andy McDonald wins face-off versus Marcel Goc in Stars zone.
0:50 of 2nd period - Shot by Bobby Ryan.
0:50 of 2nd period - Stopped by Anders Lindback without a rebound.
0:51 of 2nd period - Marcel Goc wins face-off versus Andy McDonald in Stars zone.
1:48 of 2nd period - Michael Stone is hit by Paul Stastny and loses puck.
1:54 of 2nd period - Icing by Michael Stone.
1:55 of 2nd period - Marcel Goc wins face-off versus Patrik Berglund in Wild zone.
1:59 of 2nd period - Icing by John-Michael Liles.
2:00 of 2nd period - Patrik Berglund wins face-off versus Marcel Goc in Wild zone.
2:29 of 2nd period - Off-side.
2:30 of 2nd period - Erik Cole wins face-off versus Marcel Goc in neutral zone.
2:33 of 2nd period - Shot by Fedor Tyutin.
2:33 of 2nd period - Shot Misses the Net.
2:35 of 2nd period - Shot by Andrei Markov.
2:35 of 2nd period - Stopped by Anders Lindback without a rebound.
2:36 of 2nd period - Andy McDonald wins face-off versus Marcel Goc in Stars zone.
2:39 of 2nd period - Shot by Bobby Ryan.
2:39 of 2nd period - Shot Misses the Net.
3:03 of 2nd period - Shot by Jason Pominville.
3:03 of 2nd period - Stopped by Niklas Backstrom without a rebound.
3:04 of 2nd period - Derick Brassard wins face-off versus Andy McDonald in Wild zone.
3:38 of 2nd period - Icing by Derick Brassard.
3:39 of 2nd period - Patrik Berglund wins face-off versus Derick Brassard in Stars zone.
3:39 of 2nd period - Milan Michalek is hit by Zach Bogosian and loses puck.
3:49 of 2nd period - Jarome Iginla is hit by Michael Stone and loses puck.
3:54 of 2nd period - Shot by Jarome Iginla.
3:54 of 2nd period - Stopped by Niklas Backstrom without a rebound.
3:55 of 2nd period - Paul Stastny wins face-off versus Blake Comeau in Wild zone.
3:55 of 2nd period - Paul Stastny is hit by Clayton Stoner.
4:04 of 2nd period - Ryan Whitney is hit by Marc Staal and loses puck.
4:06 of 2nd period - Minor Penalty to Marc Staal for Goalie Interference.
4:07 of 2nd period - Andy McDonald wins face-off versus David Moss in Stars zone.
4:07 of 2nd period - Andy McDonald is hit by Jay Bouwmeester.
5:18 of 2nd period - Minor Penalty to Brent Burns for Hooking.
5:19 of 2nd period - Derick Brassard wins face-off versus Patrik Berglund in Wild zone.
5:40 of 2nd period - Shot by Patrik Berglund.
5:40 of 2nd period - Stopped by Anders Lindback with a rebound.
5:42 of 2nd period - Shot by Patrik Berglund.
5:42 of 2nd period - Stopped by Anders Lindback without a rebound.
5:43 of 2nd period - Andy McDonald wins face-off versus Derick Brassard in Stars zone.
5:44 of 2nd period - Shot by Bobby Ryan.
5:44 of 2nd period - Shot Blocked by Jay Bouwmeester.
5:57 of 2nd period - Icing by Andrei Markov.
5:58 of 2nd period - Derick Brassard wins face-off versus Andy McDonald in Wild zone.
6:19 of 2nd period - Shot by Sergei Gonchar.
6:19 of 2nd period - Stopped by Niklas Backstrom without a rebound.
6:20 of 2nd period - Tyler Ennis wins face-off versus Andrew Ebbett in Wild zone.
7:25 of 2nd period - Shot by Marcel Goc.
7:25 of 2nd period - Stopped by Niklas Backstrom with a rebound.
7:27 of 2nd period - Shot by Alex Galchenyuk.
7:27 of 2nd period - Shot Misses the Net.
7:29 of 2nd period - Shot by Devin Setoguchi.
7:29 of 2nd period - Shot Misses the Net.
7:55 of 2nd period - Shot by Marc Staal.
7:55 of 2nd period - Shot Misses the Net.
9:09 of 2nd period - Shot by Bobby Ryan.
9:09 of 2nd period - Stopped by Anders Lindback without a rebound.
9:10 of 2nd period - Blake Comeau wins face-off versus Derick Brassard in Stars zone.
9:10 of 2nd period - Major Penalty to Zach Bogosian for Kneeing.
9:11 of 2nd period - Marcel Goc wins face-off versus Erik Cole in Stars zone.
9:28 of 2nd period - Icing by John-Michael Liles.
9:29 of 2nd period - Andy McDonald wins face-off versus Marcel Goc in Wild zone.
9:29 of 2nd period - Andy McDonald is hit by Marcel Goc.
11:32 of 2nd period - Shot by Fedor Tyutin.
11:32 of 2nd period - Shot Misses the Net.
12:06 of 2nd period - Shot by Bobby Ryan.
12:06 of 2nd period - Shot Misses the Net.
12:43 of 2nd period - Milan Michalek is hit by Andy Greene and loses puck.
12:48 of 2nd period - Shot by Clayton Stoner.
12:48 of 2nd period - Shot Misses the Net.
12:50 of 2nd period - Shot by Milan Michalek.
12:50 of 2nd period - Shot Hit the Post.
12:52 of 2nd period - Shot by Milan Michalek.
12:52 of 2nd period - Shot Blocked by Sergei Gonchar.
12:54 of 2nd period - Shot by Patrik Berglund.
12:54 of 2nd period - Goal by Patrik Berglund - Wild : 2 - Stars : 0.
12:55 of 2nd period - Marcel Goc wins face-off versus Patrik Berglund in neutral zone.
13:34 of 2nd period - Shot by Andy McDonald.
13:34 of 2nd period - Shot Misses the Net.
13:36 of 2nd period - Shot by Bobby Ryan.
13:36 of 2nd period - Shot Misses the Net.
13:38 of 2nd period - Shot by Erik Cole.
13:38 of 2nd period - Stopped by Anders Lindback with a rebound.
14:25 of 2nd period - Icing by Alexei Ponikarovsky.
14:26 of 2nd period - Paul Stastny wins face-off versus Blake Comeau in Wild zone.
14:29 of 2nd period - Shot by Tyler Ennis.
14:29 of 2nd period - Shot Hit the Post.
14:47 of 2nd period - Shot by Alexei Ponikarovsky.
14:47 of 2nd period - Shot Misses the Net.
14:49 of 2nd period - Shot by Blake Comeau.
14:49 of 2nd period - Shot Misses the Net.
14:51 of 2nd period - Shot by Blake Comeau.
14:51 of 2nd period - Stopped by Anders Lindback with a rebound.
14:59 of 2nd period - Shot by Blake Comeau.
14:59 of 2nd period - Shot Misses the Net.
16:01 of 2nd period - Shot by Jarome Iginla.
16:01 of 2nd period - Shot Misses the Net.
16:27 of 2nd period - Shot by Derick Brassard.
16:27 of 2nd period - Stopped by Niklas Backstrom without a rebound.
16:28 of 2nd period - Marcel Goc wins face-off versus Alexei Ponikarovsky in Wild zone.
16:28 of 2nd period - Marcel Goc is hit by Clayton Stoner.
16:48 of 2nd period - Jay Bouwmeester is hit by Clayton Stoner and loses puck.
17:04 of 2nd period - Icing by Clayton Stoner.
17:05 of 2nd period - Blake Comeau wins face-off versus David Moss in Wild zone.
17:05 of 2nd period - Blake Comeau is hit by David Moss.
17:08 of 2nd period - Icing by Alexei Ponikarovsky.
17:09 of 2nd period - Derick Brassard wins face-off versus Blake Comeau in Wild zone.
18:27 of 2nd period - Shot by Marcel Goc.
18:27 of 2nd period - Stopped by Niklas Backstrom without a rebound.
18:28 of 2nd period - Paul Stastny wins face-off versus Andy McDonald in Wild zone.
18:34 of 2nd period - Tyler Ennis is hit by Michael Stone and loses puck.
18:52 of 2nd period - Jason Pominville is hit by Michael Stone and loses puck.
19:00 of 2nd period - Icing by Michael Stone.
19:01 of 2nd period - Andy McDonald wins face-off versus Derick Brassard in Wild zone.
19:38 of 2nd period - Shot by Jarome Iginla.
19:38 of 2nd period - Shot Hit the Post.
19:40 of 2nd period - Shot by Jay Bouwmeester.
19:40 of 2nd period - Deflect By Derick Brassard.
19:40 of 2nd period - Goal by Derick Brassard - Wild : 2 - Stars : 1.
19:41 of 2nd period - Blake Comeau wins face-off versus Paul Stastny in neutral zone.
19:41 of 2nd period - Blake Comeau is hit by Tyler Ennis.
19:44 of 2nd period - Fedor Tyutin is hit by Jason Pominville and loses puck.

3rd period


0:01 of 3rd period - Paul Stastny wins face-off versus Andy McDonald in neutral zone.
0:32 of 3rd period - Shot by Fedor Tyutin.
0:32 of 3rd period - Shot Blocked by Paul Stastny.
0:34 of 3rd period - Shot by Andy McDonald.
0:34 of 3rd period - Shot Blocked by Jay Bouwmeester.
0:36 of 3rd period - Shot by Bobby Ryan.
0:36 of 3rd period - Stopped by Anders Lindback without a rebound.
0:37 of 3rd period - Marcel Goc wins face-off versus Patrik Berglund in Stars zone.
1:00 of 3rd period - Shot by Brent Burns.
1:00 of 3rd period - Shot Misses the Net.
1:02 of 3rd period - Shot by Milan Michalek.
1:02 of 3rd period - Shot Misses the Net.
1:04 of 3rd period - Shot by Patrik Berglund.
1:04 of 3rd period - Shot Blocked by Marcel Goc.
1:37 of 3rd period - Blake Comeau is hit by Derick Brassard and loses puck.
1:50 of 3rd period - Shot by Colin Wilson.
1:50 of 3rd period - Stopped by Niklas Backstrom without a rebound.
1:51 of 3rd period - Tyler Ennis wins face-off versus Andy McDonald in Wild zone.
1:51 of 3rd period - Jason Pominville is hit by John-Michael Liles and loses puck.
2:15 of 3rd period - Shot by Erik Cole.
2:15 of 3rd period - Deflect By Bobby Ryan.
2:15 of 3rd period - Stopped by Anders Lindback with a rebound.
2:17 of 3rd period - Shot by Erik Cole.
2:17 of 3rd period - Stopped by Anders Lindback without a rebound.
2:18 of 3rd period - Derick Brassard wins face-off versus Blake Comeau in Stars zone.
2:44 of 3rd period - Ryan Whitney is hit by Derick Brassard and loses puck.
3:49 of 3rd period - Shot by Tyler Ennis.
3:49 of 3rd period - Stopped by Niklas Backstrom without a rebound.
3:50 of 3rd period - Marcel Goc wins face-off versus Andy McDonald in Wild zone.
4:07 of 3rd period - John-Michael Liles is hit by Devin Setoguchi.
4:13 of 3rd period - Shot by Devin Setoguchi.
4:13 of 3rd period - Stopped by Niklas Backstrom without a rebound.
4:14 of 3rd period - Patrik Berglund wins face-off versus David Moss in Wild zone.
4:14 of 3rd period - Patrik Berglund is hit by Nick Foligno.
4:39 of 3rd period - Off-side.
4:40 of 3rd period - Andy McDonald wins face-off versus Paul Stastny in neutral zone.
5:09 of 3rd period - Minor Penalty to Erik Cole for Interference.
5:10 of 3rd period - Tyler Ennis wins face-off versus Jay Pandolfo in Wild zone.
6:13 of 3rd period - Shot by Jason Pominville.
6:13 of 3rd period - Stopped by Niklas Backstrom without a rebound.
6:14 of 3rd period - Andrew Ebbett wins face-off versus Paul Stastny in Wild zone.
6:14 of 3rd period - Andrew Ebbett is hit by Derick Brassard.
6:23 of 3rd period - Icing by Zach Bogosian.
6:24 of 3rd period - Andrew Ebbett wins face-off versus Paul Stastny in Stars zone.
6:33 of 3rd period - Shot by Jason Pominville.
6:33 of 3rd period - Shot Misses the Net.
6:35 of 3rd period - Shot by Zach Bogosian.
6:35 of 3rd period - Shot Misses the Net.
6:37 of 3rd period - Shot by Jason Pominville.
6:37 of 3rd period - Shot Blocked by Fedor Tyutin.
6:39 of 3rd period - Shot by Paul Stastny.
6:39 of 3rd period - Stopped by Niklas Backstrom with a rebound.
6:43 of 3rd period - Shot by Sergei Gonchar.
6:43 of 3rd period - Stopped by Niklas Backstrom without a rebound.
6:44 of 3rd period - Jarome Iginla wins face-off versus Jay Pandolfo in Wild zone.
6:51 of 3rd period - Shot by Jay Bouwmeester.
6:51 of 3rd period - Shot Misses the Net.
6:53 of 3rd period - Shot by Colin Wilson.
6:53 of 3rd period - Shot Misses the Net.
6:55 of 3rd period - Shot by Marc Staal.
6:55 of 3rd period - Stopped by Niklas Backstrom without a rebound.
6:56 of 3rd period - Jay Pandolfo wins face-off versus Paul Stastny in Wild zone.
6:56 of 3rd period - Jay Pandolfo is hit by Derick Brassard.
7:03 of 3rd period - Icing by Jason Pominville.
7:04 of 3rd period - Jay Pandolfo wins face-off versus Paul Stastny in Stars zone.
7:04 of 3rd period - Jay Pandolfo is hit by Zach Bogosian.
7:09 of 3rd period - Alexei Ponikarovsky is hit by Marc Staal and loses puck.
8:21 of 3rd period - Shot by Paul Stastny.
8:21 of 3rd period - Shot Misses the Net.
8:25 of 3rd period - Shot by Jason Pominville.
8:25 of 3rd period - Deflect By Tyler Ennis.
8:25 of 3rd period - Shot Misses the Net.
8:48 of 3rd period - Andy McDonald is hit by Zach Bogosian and loses puck.
9:53 of 3rd period - Icing by Colin Wilson.
9:54 of 3rd period - Patrik Berglund wins face-off versus Derick Brassard in Stars zone.
10:05 of 3rd period - Shot by Milan Michalek.
10:05 of 3rd period - Shot Hit the Post.
10:26 of 3rd period - Patrik Berglund is hit by Sergei Gonchar.
11:08 of 3rd period - Shot by Andrei Markov.
11:08 of 3rd period - Shot Misses the Net.
11:15 of 3rd period - Minor Penalty to Alexei Ponikarovsky for Hooking.
11:16 of 3rd period - Andrew Ebbett wins face-off versus Paul Stastny in Wild zone.
11:33 of 3rd period - Shot by Zach Bogosian.
11:33 of 3rd period - Shot Blocked by Fedor Tyutin.
11:35 of 3rd period - Shot by Paul Stastny.
11:35 of 3rd period - Shot Misses the Net.
11:42 of 3rd period - Icing by Paul Stastny.
11:43 of 3rd period - Jay Pandolfo wins face-off versus Paul Stastny in Stars zone.
12:16 of 3rd period - Shot by Marc Staal.
12:16 of 3rd period - Shot Misses the Net.
12:18 of 3rd period - Shot by Jarome Iginla.
12:18 of 3rd period - Shot Misses the Net.
12:20 of 3rd period - Shot by Jay Bouwmeester.
12:20 of 3rd period - Goal by Jay Bouwmeester - Wild : 2 - Stars : 2.
12:21 of 3rd period - David Moss wins face-off versus Patrik Berglund in neutral zone.
12:24 of 3rd period - Shot by Alex Chiasson.
12:24 of 3rd period - Shot Misses the Net.
13:30 of 3rd period - Jason Pominville is hit by Clayton Stoner and loses puck.
13:41 of 3rd period - Shot by Clayton Stoner.
13:41 of 3rd period - Stopped by Anders Lindback without a rebound.
13:42 of 3rd period - Derick Brassard wins face-off versus Blake Comeau in Stars zone.
13:55 of 3rd period - Shot by Colin Wilson.
13:55 of 3rd period - Stopped by Niklas Backstrom without a rebound.
13:56 of 3rd period - Andy McDonald wins face-off versus Paul Stastny in Wild zone.
14:37 of 3rd period - Paul Stastny is hit by Clayton Stoner and loses puck.
14:41 of 3rd period - Minor Penalty to Erik Cole for Roughing.
14:42 of 3rd period - Andrew Ebbett wins face-off versus Tyler Ennis in Wild zone.
14:52 of 3rd period - Icing by Jay Bouwmeester.
14:53 of 3rd period - Tyler Ennis wins face-off versus Andrew Ebbett in Stars zone.
15:08 of 3rd period - Icing by Jay Bouwmeester.
15:09 of 3rd period - Tyler Ennis wins face-off versus Jay Pandolfo in Stars zone.
16:09 of 3rd period - Icing by Zach Bogosian.
16:10 of 3rd period - Jay Pandolfo wins face-off versus Paul Stastny in Stars zone.
16:25 of 3rd period - Shot by Jason Pominville.
16:25 of 3rd period - Shot Misses the Net.
16:27 of 3rd period - Shot by Jason Pominville.
16:27 of 3rd period - Stopped by Niklas Backstrom with a rebound.
16:29 of 3rd period - Shot by Zach Bogosian.
16:29 of 3rd period - Stopped by Niklas Backstrom with a rebound.
16:57 of 3rd period - Shot by Devin Setoguchi.
16:57 of 3rd period - Stopped by Niklas Backstrom with a rebound.
17:08 of 3rd period - Icing by Fedor Tyutin.
17:09 of 3rd period - Andy McDonald wins face-off versus David Moss in Wild zone.
17:46 of 3rd period - Shot by Alex Chiasson.
17:46 of 3rd period - Shot Misses the Net.
17:48 of 3rd period - Shot by Sergei Gonchar.
17:48 of 3rd period - Deflect By Alex Chiasson.
17:48 of 3rd period - Shot Misses the Net.
18:12 of 3rd period - Shot by Marcel Goc.
18:12 of 3rd period - Shot Misses the Net.
18:47 of 3rd period - Minor Penalty to Derick Brassard for Tripping.
18:48 of 3rd period - Marcel Goc wins face-off versus Patrik Berglund in Stars zone.
19:13 of 3rd period - Shot by Milan Michalek.
19:13 of 3rd period - Goal by Milan Michalek - Wild : 3 - Stars : 2.
19:14 of 3rd period - Patrik Berglund wins face-off versus Derick Brassard in neutral zone.
19:21 of 3rd period - Shot by Patrik Berglund.
19:21 of 3rd period - Shot Misses the Net.
19:36 of 3rd period - Shot by Patrik Berglund.
19:36 of 3rd period - Deflect By Brent Burns.
19:36 of 3rd period - Shot Blocked by Andy Greene.
19:38 of 3rd period - Shot by Milan Michalek.
19:38 of 3rd period - Shot Blocked by Jay Bouwmeester.
19:51 of 3rd period - Shot by Andrei Markov.
19:51 of 3rd period - Shot Hit the Post.
19:57 of 3rd period - Shot by Milan Michalek.
19:57 of 3rd period - Shot Misses the Net.
19:59 of 3rd period - Shot by Andrei Markov.
19:59 of 3rd period - Stopped by Anders Lindback without a rebound.


Output by the SimonT Hockey Simulator (STHS) for Stephane Roy -- Original Page W3C XHTML 1.0 Valid
Hockey Simulator - Hockey Simulation - Hockey Manager